 Dungeon Crawl Stone Soup version 0.24.1-4-ge52af88ad5 (webtiles) character file.

Game seed: 12568418764696152217, levelgen mode: deterministic

214 MajorAdolf the Ruffian (level 5, -3/45 HPs)
             Began as a Naga Wanderer on Apr 12, 2020.
             Splashed by a jelly's acid (8 damage)
             ... on level 3 of the Dungeon.
             The game lasted 00:03:52 (2645 turns).

MajorAdolf the Ruffian (Naga Wanderer)              Turns: 2645, Time: 00:03:53

Health: -3/45      AC: -6    Str: 19    XL:     5   Next: 92%
Magic:  5/5        EV: 12    Int: 14    God:
Gold:   49         SH:  0    Dex: 16    Spells: 4/4 levels left

rFire    . . .     SeeInvis +     - Unarmed
rCold    . . .     Gourm    .   (no shield)
rNeg     . . .     Faith    .   p - +0 scale mail
rPois    +         Spirit   .   o - +0 helmet
rElec    .         Reflect  .   (no cloak)
rCorr    .         Harm     .   (no gloves)
MR       .....                  (no barding)
Stlth    ++........             (no amulet)
HPRegen  0.15/turn              l - +6 ring of strength
MPRegen  0.09/turn              n - +3 ring of protection

@: agile, corroded, very slow
A: large, see invisible, deformed body, poison resistance, slowness 2, slow
metabolism 1, spit poison 1, AC +1
a: Spit Poison


You were on level 3 of the Dungeon.
You were very hungry.

You visited 1 branch of the dungeon, and saw 3 of its levels.

You collected 49 gold pieces.

Inventory:

Armour
 c - a +0 ring mail
 h - a +0 chain mail
 o - a +0 helmet (worn)
 p - a +0 scale mail (worn)
Jewellery
 l - a +6 ring of strength (left hand)
 n - a +3 ring of protection (right hand)
Potions
 a - a potion of invisibility {unknown}
 b - a potion of agility
 d - 2 potions of curing
 e - a potion of degeneration {unknown}
 q - a potion of mutation {unknown}
Comestibles
 f - 7 rations


   Skills:
 - Level 2.0 Fighting
   Level 2.0 Maces & Flails
   Level 1.7 Bows
 - Level 1.0 Throwing
 - Level 1.5 Armour
 - Level 1.5 Stealth
 + Level 5.5 Unarmed Combat


You had 4 spell levels left.
You didn't know any spells.
Your spell library was empty.

Dungeon Overview and Level Annotations

Branches:
Dungeon (3/15)

Altars:

Annotations:
D:2 1 runed translucent door, Crazy Yiuf


Innate Abilities, Weirdness & Mutations

You cannot wear boots.
Your serpentine skin is tough. (AC +1)
You have supernaturally acute eyesight. (SInv)
Armour fits poorly on your strangely shaped body.
Your system is resistant to poisons. (rPois)
You cover ground very slowly.
You have a slow metabolism.
You can spit poison.


Message History

You hit the jelly.
Your hands burn!
The jelly is moderately wounded.
The jelly hits you. The acid corrodes you!
You are splashed with acid!
You hit the jelly. The acid corrodes you!
Your hands burn!
The jelly is heavily wounded.
The jelly barely misses you.
You hit the jelly but do no damage.
Your hands burn!
The jelly is heavily wounded.
You have got your breath back.
The jelly hits you. The acid corrodes you!
You are splashed with acid!
You hit the jelly.
Your hands burn!
The jelly is heavily wounded.
The jelly hits you. The acid corrodes you!
You are splashed with acid!
* * * LOW HITPOINT WARNING * * *
Unknown command.
You feel agile all of a sudden. The jelly hits you.
* * * LOW HITPOINT WARNING * * *
The acid corrodes you!
You are splashed with acid!
You die...

#.....#
#.###.#
#..#..#
##.#..#
#.#..#
#.##.#
#.##.#
#.##.#
#@##.#
#J##.#
..##.#
#####.#
#)# #.#
#<# ###


You could see a jelly.

Vanquished Creatures
  Sigmund (D:3)
  2 adders (D:2)
  2 dart slugs (D:1)
  2 leopard geckos
  4 bats
  A giant cockroach (D:1)
  4 goblins
  6 hobgoblins
  A ball python (D:2)
  4 frilled lizards
  6 kobolds
  6 rats
39 creatures vanquished.

Notes
Turn   | Place    | Note
-------+----------+-------------------------------------------
     0 | D:1      | MajorAdolf the Naga Wanderer began the quest for the Orb.
     0 | D:1      | MajorAdolf set off with the following items: a +2 shortbow,
                  | 22 arrows, a +0 ring mail, a potion of curing, a ration
     0 | D:1      | Reached XP level 1. HP: 19/19 MP: 1/1
    29 | D:1      | Reached skill level 1 in Unarmed Combat
   389 | D:1      | Reached XP level 2. HP: 8/26 MP: 2/2
   773 | D:1      | Reached skill level 2 in Unarmed Combat
  1160 | D:1      | Reached XP level 3. HP: 32/32 MP: 3/3
  1194 | D:1      | You fall into a shaft and drop 1 floor!
  1915 | D:2      | Reached skill level 3 in Unarmed Combat
  2194 | D:2      | Reached XP level 4. HP: 32/39 MP: 4/4
  2309 | D:2      | Found a runed translucent door.
  2310 | D:2      | Noticed Crazy Yiuf
  2401 | D:3      | Noticed Sigmund
  2512 | D:3      | Killed Sigmund
  2512 | D:3      | Reached skill level 5 in Unarmed Combat
  2512 | D:3      | Reached XP level 5. HP: 29/45 MP: 5/5
  2645 | D:3      | Splashed by a jelly's acid

Levels and vault maps discovered:
D:1:      lightli_arrival_boilingwater, layout_basic
D:2:      layout_loops_ring, minmay_indecisive_spiral, uniq_crazy_yiuf_cottage
D:3:      layout_basic, uniq_sigmund

Skill      XL: |  1  2  3  4 |
---------------+-------------+-----
Unarmed Combat | 1 2 3 5 |  5.5
Fighting       | |  2.0
Maces & Flails | |  2.0
Bows           | |  1.7
Throwing       | |  1.0
Armour         | |  1.5
Stealth        | |  1.5

Action                   |  1- 3 |  4- 6 || total
-------------------------+-------+-------++-------
Melee: Unarmed           |   192 |    24 ||   216
       Punch             |       |     1 ||     1
 Abil: Spit Poison       |    13 |     7 ||    20
  Use: Scroll            |       |     6 ||     6
       Potion            |       |     1 ||     1
  Eat: Chunk             |     3 |     1 ||     4
Armor: Ring mail         |    56 |       ||    56
       Chain mail        |    55 |       ||    55
       Scale mail        |    10 |     5 ||    15
Dodge: Dodged            |    55 |     8 ||    63
